 Dungeon Crawl Stone Soup version 0.25.0-10-g039870ee82 (webtiles) character file.

Game seed: 16834866509280309341

2 DeadF the Vexing (level 1, -1/7 HPs)
             Began as a Felid Enchanter on June 22, 2020.
             Slain by a jackal (2 damage)
             ... on level 1 of the Dungeon.
             The game lasted 00:00:23 (78 turns).

DeadF the Vexing (Felid Enchanter)                    Turns: 78, Time: 00:00:24

Health: -1/7       AC:  1    Str:  4    XL:     1   Next: 25%
Magic:  4/4        EV: 18    Int: 16    God:
Gold:   9          SH:  0    Dex: 16    Spells: 3/4 levels left
                                        Lives:  0   Deaths: 0

rFire    . . .     SeeInvis +     - Unarmed
rCold    . . .     Gourm    .   (shield unavailable)
rNeg     . . .     Faith    .   (armour unavailable)
rPois    .         Spirit   .   (helmet unavailable)
rElec    .         Reflect  .   (cloak unavailable)
rCorr    .         Harm     .   (gloves unavailable)
MR       .....                  (boots unavailable)
Stlth    +++.......             (no amulet)
HPRegen  0.02/turn              (no ring)
MPRegen  0.09/turn              (no ring)

@: quick
A: very small, no armour, no weapons or thrown items, stealth, claws 1, fangs 3,
see invisible, carnivore, speed 1, shaggy fur 1, slow metabolism 1, sharp paws
a: no special abilities


You were on level 1 of the Dungeon.
You were not hungry.

You visited 1 branch of the dungeon, and saw 1 of its levels.

You collected 9 gold pieces.

Inventory:

Scrolls
 a - a scroll of magic mapping {unknown}
 c - a scroll of identify {unknown}
Comestibles
 b - a ration


   Skills:
 + Level 2.8 Dodging
 + Level 4.1 Stealth
 - Level 1.0 Unarmed Combat
 - Level 2.0 Spellcasting
 - Level 4.4 Hexes


You had 3 spell levels left.
You knew the following spells:

 Your Spells              Type           Power        Failure   Level  Hunger
a - Corona                Hex            ###....      3%          1    #......

Your spell library contained the following spells:

 Spells                   Type           Power        Failure   Level  Hunger
 Confusing Touch          Hex            ###.....     11%         3    ###....
 Tukima's Dance           Hex            ###.....     11%         3    ###....
 Ensorcelled Hibernation  Hex/Ice        #.....       13%         2    ###....
 Dazzling Flash           Conj/Hex       #.....       26%         3    ###....


Dungeon Overview and Level Annotations

Branches:
Dungeon (1/15)

Altars:


Innate Abilities, Weirdness & Mutations

You cannot wear armour.
You are incapable of wielding weapons or throwing items.
Your paws allow you to move quietly. (Stealth)
You have sharp claws.
You have razor-sharp teeth.
You have supernaturally acute eyesight. (SInv)
You are carnivorous and can eat meat at any time.
You cover ground quickly.
You are covered in fur. (AC +1)
You have a slow metabolism.
Your sharp claws are effective at attacking unaware monsters.


Message History

The jackal is almost dead.
The jackal misses you. The jackal bites you. The jackal barely misses you.
The kobold hits you. The jackal barely misses you.
You are too injured to fight recklessly!
You are too injured to fight recklessly!
You are too injured to fight recklessly!
You are too injured to fight recklessly!
You are too injured to fight recklessly!
A leopard gecko comes into view.
The jackal bites you.
* * * LOW HITPOINT WARNING * * *
The jackal misses you.
A rat comes into view.
Found a pair of gloves.
The jackal closely misses you.
You closely miss the goblin. The jackal bites you.
* * * LOW HITPOINT WARNING * * *
The goblin misses you.
You barely miss the goblin. The jackal bites you.
You die...

♣.♣.♣ ♣.♣.. ..........
#♣.♣.♣.♣.♣ #........
#♣.♣.♣.♣.♣ #.......r#
#♣.♣h♣#♣#♣ #... #h.#h#
#....#..#@#
##...#..#g######
..........g......
.###.##...######
.........##############
#.#..#.#..##...........#
# #..#.#..##...........#
l.. ..#..##...........#
### .#.#..##...........#


You could see 2 jackals, a hobgoblin and a goblin.

Vanquished Creatures
  A giant cockroach (D:1)
  A bat (D:1)
2 creatures vanquished.

Notes
Turn   | Place    | Note
-------+----------+-------------------------------------------
     0 | D:1      | DeadF the Felid Enchanter began the quest for the Orb.
     0 | D:1      | Reached XP level 1. HP: 7/7 MP: 4/4
    78 | D:1      | Slain by a jackal

Illustrated notes

Levels and vault maps discovered:
D:1:      psy_arrival_statuary, layout_basic, serial_forest,
          infiniplex_forest_lined_2, infiniplex_forest_clump_curved,
          infiniplex_forest_end_1, infiniplex_forest_lined_corner,
          infiniplex_forest_lined_ring, infiniplex_forest_clump_tiny,
          infiniplex_forest_lined_room_3, infiniplex_forest_lined_room_

Action                   || total
-------------------------++-------
Melee: Unarmed           ||     7
 Stab: Sleeping          ||     2
Dodge: Dodged            ||    10
